 Dungeon Crawl Stone Soup version 0.23-a0-650-ga4d50d4 (webtiles) character file.

86 Lanoc the Slasher (level 4, -4/40 HPs)
             Began as a Minotaur Monk on Jan 6, 2019.
             Slain by Edmund
             ... wielding a +1 flail of crushing
              (7 damage)
             ... on level 4 of the Dungeon.
             The game lasted 00:01:55 (720 turns).

Lanoc the Slasher (Minotaur Monk)                    Turns: 720, Time: 00:01:55

Health: -4/40      AC:  2    Str: 17    XL:     4   Next: 26%
Magic:  3/3        EV: 19    Int:  7    God:
Gold:   86         SH:  0    Dex: 17    Spells: 3/3 levels left

rFire    . . .     SeeInvis +   a - +0 falchion
rCold    . . .     Gourm    .   (no shield)
rNeg     . . .     Faith    .   b - +0 robe
rPois    .         Spirit   .   (helmet restricted)
rElec    .         Reflect  .   (no cloak)
rCorr    +         Harm     .   (no gloves)
MR       .....                  (no boots)
Stlth    +++.......             i - amulet of rage
HPRegen  0.13/turn              j - ring of resist corrosion
MPRegen  0.08/turn              f - ring of see invisible

@: agile
A: retaliatory headbutt, horns 2
a: Evoke Berserk Rage


You were on level 4 of the Dungeon.
You were not hungry.

You visited 1 branch of the dungeon, and saw 3 of its levels.

You collected 86 gold pieces.

Inventory:

Hand Weapons
 a - a +0 falchion (weapon)
Armour
 b - a +0 robe (worn)
Jewellery
 f - a ring of see invisible (right hand)
 i - an amulet of rage (around neck)
 j - a ring of resist corrosion (left hand)
Scrolls
 e - a scroll of fog {unknown}
 g - 3 scrolls of identify {unknown}
 k - a scroll of blinking {unknown}
 l - a scroll of teleportation {unknown}
Potions
 h - a potion of lignification {unknown}
Comestibles
 c - 7 rations


   Skills:
 + Level 4.2 Fighting
 * Level 4.8 Long Blades
 + Level 1.8 Armour
 + Level 3.9 Dodging
 - Level 1.5 Stealth


You had 3 spell levels left.
You didn't know any spells.
Your spell library was empty.

Dungeon Overview and Level Annotations

Branches:
Dungeon (2/15)

Altars:
Ashenzari
Okawaru
Wu Jian

Annotations:
D:4 Edmund


Innate Abilities, Weirdness & Mutations

You reflexively headbutt those who attack you in melee.
You have a pair of horns on your head.


Message History

You hit Edmund.
Edmund is moderately wounded.
You hit Edmund.
Edmund is heavily wounded.
Edmund hits you with a +1 flail of crushing.
You hit Edmund. You headbutt Edmund.
Edmund is heavily wounded.
Edmund misses you.
You barely miss Edmund.
Edmund is heavily wounded.
Edmund hits you with a +1 flail of crushing.
* * * LOW HITPOINT WARNING * * *
x2 You closely miss Edmund.
Your headbutt misses Edmund.
Edmund is heavily wounded.
Edmund hits you with a +1 flail of crushing.
* * * LOW HITPOINT WARNING * * *
x2 It was a potion of agility.
You feel agile all of a sudden.
Edmund hits you with a +1 flail of crushing!
You die...

..............#
..............#
..............#
..............########
##'#......######.....#
...#......#....#.....#
>..#......#....#.....#
...#......#....#.@...#
...#.....(##'###@....#
...#.................#
...#.................#
...#............######
...#######......#
.....# #......# .....#
+......# .....#
#......# ######
#......#


You could see Edmund.

Vanquished Creatures
  A hound (D:4)
  An adder (D:2)
  An adder skeleton (D:4)
  2 worms
  A dart slug (D:1)
  A leopard gecko (D:4)
  4 giant cockroaches
  9 goblins
  A hobgoblin (D:2)
  A quokka (D:4)
  6 bats
  5 frilled lizards
  2 kobolds (D:1)
  3 rats
38 creatures vanquished.

Notes
Turn   | Place    | Note
-------+----------+-------------------------------------------
     0 | D:1      | Lanoc the Minotaur Monk began the quest for the Orb.
     0 | D:1      | Reached XP level 1. HP: 19/19 MP: 0/0
    80 | D:1      | Found a shattered altar of Ashenzari.
   133 | D:1      | Reached XP level 2. HP: 27/27 MP: 1/1
   240 | D:1      | Reached skill level 1 in Armour
   380 | D:2      | Reached XP level 3. HP: 22/33 MP: 2/2
   470 | D:2      | Found an iron altar of Okawaru.
   587 | D:2      | You fall through a shaft for 2 floors!
   603 | D:4      | Reached XP level 4. HP: 29/40 MP: 3/3
   616 | D:4      | Found an ornate altar of the Wu Jian Council.
   709 | D:4      | Noticed Edmund
   720 | D:4      | Slain by Edmund

Vault maps used:
D:1:      saegor_arrival_miasma, minmay_misc_feat_tower, ashenzari_altar_1
D:2:      elyvilon_altar_3, lemuel_doored_altar
D:4:      kennysheep_vampire_church, fedhas_altar_1, kennysheep_mini_moat,
          grunt_gozag_statues, first_ration, uniq_pikel, uniq_edmund

Skill      XL: |  1  2 |
---------------+-------+-----
Long Blades    | 4 |  4.8
Armour         | 1 |  1.8
Fighting       | 4 |  4.2
Dodging        | |  3.9
Stealth        | |  1.5

Action                   |  1- 3 |  4- 6 || total
-------------------------+-------+-------++-------
Melee: Falchion          |    53 |    20 ||    73
       Headbutt          |     9 |     6 ||    15
  Use: Potion            |       |     1 ||     1
 Stab: Sleeping          |     5 |       ||     5
Armor: Robe              |     8 |     2 ||    10
Dodge: Dodged            |    38 |    13 ||    51
       Rpst.: Falchion   |    15 |     7 ||    22

Table legend:
 A = Non-vault XP
 B = Vault XP
 C = Vault XP percentage of total XP
 D = Non-vault monster count
 E = Vault monster count
 F = Vault count percentage of total count
                 A         B        C        D         E       F
            +---------+---------+-------+---------+---------+-------
      Total |     123 |       0 |   0.0 |      38 |       0 |   0.0
            +---------+---------+-------+---------+---------+-------
        D:1 |      33 |       0 |   0.0 |      21 |       0 |   0.0
        D:2 |      33 |       0 |   0.0 |      12 |       0 |   0.0
        D:4 |      57 |       0 |   0.0 |       5 |       0 |   0.0
            +---------+---------+-------+---------+---------+-------
